 Dungeon Crawl Stone Soup version 0.27.1-35-g4d5d836560 (webtiles) character file.

Game seed: 295025859447301533

49 Delamore the Sneak (level 3, 0/24 HPs)
             Began as an Octopode Brigand on Apr 30, 2022.
             Slain by a gnoll (9 damage)
             ... on level 2 of the Dungeon.
             The game lasted 00:01:04 (1269 turns).

Delamore the Sneak (Octopode Brigand)               Turns: 1269, Time: 00:01:05

Health: 0/24       AC:  1    Str: 10    XL:     3   Next: 77%
Magic:  3/3        EV: 12    Int: 13    God:
Gold:   45         SH:  0    Dex: 14    Spells: 2/2 levels left

rFire    . . .     SeeInvis .   a - +2 dagger
rCold    . . .     Faith    .   (no shield)
rNeg     . . .     Spirit   .   (helmet restricted)
rPois    .         Reflect  .   (no amulet)
rElec    .         Harm     .   (no ring)
rCorr    .         Rampage  .   (no ring)
Will     .....                  (no ring)
Stlth    ++++......             (no ring)
HPRegen  0.08/turn              (no ring)
MPRegen  0.08/turn              (no ring)
                                (no ring)
                                (no ring)

@: no status effects
A: almost no armour, amphibious, 8 rings, camouflage 1, gelatinous body 1,
(nimble swimmer 1), tentacles
a: no special abilities


You were on level 2 of the Dungeon.
You visited 1 branch of the dungeon, and saw 2 of its levels.

You collected 45 gold pieces.

Inventory:

Hand Weapons
 a - a +2 dagger (weapon)
Missiles
 b - 3 poisoned darts (quivered)
Wands
 j - a wand of polymorph (6)
Scrolls
 e - a scroll of blinking {unknown}
 f - a scroll of amnesia {unknown}
 h - a scroll of teleportation {unknown}
Potions
 d - a potion of berserk rage {unknown}
 g - a potion of lignification {unknown}
 i - a potion of degeneration {unknown}
 k - a potion of curing {unknown}


   Skills:
 - Level 2.0 Fighting
 * Level 3.4 Short Blades
 - Level 2.0 Throwing
 - Level 1.0 Dodging
 + Level 6.0 Stealth


You had 2 spell levels left.
You didn't know any spells.
Your spell library was empty.

Dungeon Overview and Level Annotations

Branches:
Dungeon (2/15)

Altars:

Shops:
D:1 *   D:2 :


Innate Abilities, Weirdness & Mutations

You cannot wear most types of armour.
You are amphibious.
You can wear up to eight rings at the same time.
Your skin changes colour to match your surroundings (Stealth+).
Your rubbery body absorbs attacks. (AC +1, EV +1)
((You are camouflaged near water. (Stealth+)))
You have tentacles for arms and can constrict up to eight enemies at once.


Message History

There is a stone staircase leading down here.
You start resting.
HP restored.
You climb downwards.
There is a stone staircase leading up here.
Throw: 5 darts (poison)
Press: ? - help, Q - select action, (/) - cycle Shift-Dir - straight line, f - gnoll
Aim: a gnoll, wielding a +0 halberd and wearing a +0 leather armour (wandering, hasn't noticed you, 64% to hit)
You throw a poisoned dart. The poisoned dart hits the gnoll.
The gnoll is poisoned.
Throw: 4 darts (poison)
Press: ? - help, Q - select action, (/) - cycle Shift-Dir - straight line, f/p - gnoll
Aim: a gnoll, wielding a +0 halberd and wearing a +0 leather armour (poisoned, 64% to hit)
You throw a poisoned dart.
The poisoned dart barely misses the gnoll.
The gnoll barely misses you. The gnoll barely misses you.
You barely miss the gnoll. Your grab misses the gnoll.
Your squeeze misses the gnoll.
The gnoll is moderately wounded.
The gnoll looks more healthy.
You closely miss the gnoll. Your grab misses the gnoll.
The gnoll is heavily wounded.
The gnoll closely misses you.
You hit the gnoll. Your grab misses the gnoll.
The gnoll is heavily wounded.
The gnoll hits you with a +0 halberd!
Ouch! That really hurt!
You are too injured to fight recklessly!
You are too injured to fight recklessly!
You are too injured to fight recklessly!
You hit the gnoll. You grab the gnoll.
The gnoll is severely wounded.
You constrict the gnoll, but do no damage.
The gnoll barely misses you.
You hit the gnoll.
The gnoll is severely wounded.
You constrict the gnoll, but do no damage.
The gnoll hits you with a +0 halberd!
You die...

.....#.....# #.#.. #...#.###.#
#....
######..##.###.###############.#
.........................†......
####.###.#####.....###########.#
#.# ###.....# #.. #.## #...#.#
### #..# ####..(#.#
##.###<.@g..#.# #..######..#.#
########.######..#.#
...............g.#.#
########g.#####..#.# ##.# #.##.#
#.# #....# ###.#####.####
#......##.#


You could see a gnoll.

Vanquished Creatures
  2 gnolls (D:2)
  A dart slug (D:1)
  2 ball pythons
  A bat (D:2)
  4 endoplasms
  A giant cockroach (D:2)
  A goblin (D:1)
  6 jackals
  A quokka (D:2)
  2 frilled lizards (D:1)
  2 kobolds
  2 rats
25 creatures vanquished.

Notes
Turn   | Place    | Note
-------+----------+-------------------------------------------
     0 | D:1      | Delamore the Octopode Brigand began the quest for the Orb.
     0 | D:1      | Reached XP level 1. HP: 14/14 MP: 1/1
    26 | D:1      | Found Vinnetus's Assorted Antiques.
    51 | D:1      | Found a faded altar of an unknown god.
   181 | D:1      | Reached XP level 2. HP: 19/19 MP: 2/2
   643 | D:2      | Found Koum's Book Shoppe.
   944 | D:2      | Reached XP level 3. HP: 24/24 MP: 3/3
   997 | D:2      | Reached skill level 6 in Stealth
  1269 | D:2      | Slain by a gnoll

Illustrated notes

Levels and vault maps discovered:
D:1:      minmay_arrival_checkered_box, layout_basic, serial_shops,
          nicolae_shop_behind_doors, hellmonk_ecumenical_altar_dog_temple,
          minmay_misc_feat_diagonals, st_stairs_7, lemuel_another_geyser
D:2:      kennysheep_big_flooded_room, layout_basic, serial_shops, shop,
          minmay_pentomino_v2

Skill      XL: |  1  2  3 |
---------------+----------+-----
Short Blades   | 3 |  3.4
Stealth        | 6 |  6.0
Fighting       | |  2.0
Throwing       | |  2.0
Dodging        | |  1.0

Action                   || total
-------------------------++-------
Melee: Dagger            ||    59
       Tentacles         ||     9
       Constrict         ||    12
Throw: Dart              ||     7
 Stab: Sleeping          ||     7
Armor: Skin              ||     5
Dodge: Dodged            ||    24
